 Dungeon Crawl Stone Soup version 0.29-a0-330-g52719c12eb (webtiles) character file.

Game seed: 9553819787592113453

2723 Crownlay the Magician (level 9, -4/66 HPs)
             Began as a Gnoll Fire Elementalist on May 3, 2022.
             Was an Initiate of Vehumet.
             Slain by a slime creature (19 damage)
             ... on level 6 of the Dungeon.
             The game lasted 00:13:31 (8850 turns).

Crownlay the Magician (Gnoll Fire Elementalist)     Turns: 8850, Time: 00:13:32

Health: -4/66      AC:  3    Str:  8    XL:     9   Next: 67%
Magic:  2/19       EV: 14    Int: 18    God:    Vehumet [......]
Gold:   337        SH:  5    Dex: 13    Spells: 11/21 levels left

rFire   . . .      SeeInvis .   x - +1 trident (protect)
rCold   . . .      Faith    .   c - +0 buckler
rNeg    . . .      Spirit   .   a - +0 robe
rPois   .          Reflect  .   B - +1 hat
rElec   .          Harm     .   (no cloak)
rCorr   +          Rampage  .   (no gloves)
Will    .....                   (no boots)
Stlth   +++.......              v - amulet of the acrobat
HPRegen 0.21/turn               y - ring of resist corrosion
MPRegen 0.16/turn               (no ring)

@: no status effects
A: fangs 1, strong nose, distributed training
a: Renounce Religion


You were on level 6 of the Dungeon.
You worshipped Vehumet.
Vehumet was noncommittal.
You visited 2 branches of the dungeon, and saw 7 of its levels.

You collected 337 gold pieces.

Inventory:

Hand Weapons
 x - a +1 trident of protection (weapon)
Armour
 a - a +0 robe (worn)
 c - a +0 buckler (worn)
 A - a +0 pair of boots
 B - a +1 hat (worn)
Jewellery
 v - an amulet of the acrobat (around neck)
 y - a ring of resist corrosion (left hand)
Wands
 z - a wand of flame (16)
Scrolls
 e - a scroll of enchant weapon
 g - a scroll of blinking
 i - a scroll of brand weapon
 j - 3 scrolls of fear
 l - a scroll of holy word
 r - a scroll of fog
 t - a scroll of vulnerability {unknown}
 u - 2 scrolls of amnesia
 w - a scroll of noise {unknown}
Potions
 b - a potion of magic
 d - a potion of attraction {unknown}
 f - 3 potions of heal wounds {unknown}
 h - a potion of haste {unknown}
 k - 2 potions of invisibility {unknown}
 m - a potion of mutation {unknown}
 n - a potion of brilliance {unknown}
 o - a potion of might {unknown}
 p - a potion of berserk rage {unknown}
 q - 2 potions of curing {unknown}
 s - a potion of degeneration {unknown}
 C - a potion of ambrosia {unknown}


   Skills:
 + Level 4.4 Fighting
 + Level 4.4 Short Blades
 + Level 4.4 Long Blades
 + Level 4.4 Axes
 + Level 4.4 Maces & Flails
 + Level 4.4 Polearms
 + Level 4.4 Staves
 + Level 4.4 Slings
 + Level 4.4 Bows
 + Level 4.4 Crossbows
 + Level 4.4 Throwing
 + Level 4.4 Armour
 + Level 6.5 Dodging
 + Level 6.2 Stealth
 + Level 4.4 Shields
 + Level 4.4 Unarmed Combat
 + Level 6.8 Spellcasting
 + Level 4.3 Conjurations
 + Level 3.7 Hexes
 + Level 3.7 Summonings
 + Level 3.7 Necromancy
 + Level 3.7 Translocations
 + Level 3.7 Transmutations
 + Level 6.6 Fire Magic
 + Level 3.7 Ice Magic
 + Level 3.7 Air Magic
 + Level 3.7 Earth Magic
 + Level 3.7 Poison Magic
 + Level 4.9 Invocations
 + Level 4.4 Evocations


You had 11 spell levels left.
You knew the following spells:

 Your Spells              Type           Power      Damage    Failure   Level
a - Foxfire               Conj/Fire      100%       2x1d9     1%          1
b - Scorch                Fire           60%        2d8       1%          2
c - Inner Flame           Hex/Fire       24%        N/A       4%          3
d - Flame Wave            Conj/Fire      25%        2d7       14%         4

Your spell library contained the following spells:

 Spells                   Type           Power      Damage    Failure   Level
 Animate Skeleton         Necr           38%        N/A       3%          1
 Apportation              Tloc           38%        N/A       3%          1
 Pain                     Necr           76%        1d7       3%          1
 Summon Small Mammal      Summ           76%        N/A       3%          1
 Conjure Flame            Conj/Fire      25%        6-21      4%          3
 Vampiric Draining        Necr           19%        2d7       10%         3
 Cause Fear               Hex            9%         N/A       30%         4
 Alistair's Intoxication  Tmut/Pois      12%        N/A       65%         5
 Discord                  Hex            9%         N/A       100%        8


Dungeon Overview and Level Annotations

Branches:
Dungeon (6/15)             Temple (1/1) D:6

Altars:
Cheibriados
Gozag
Ru
Vehumet


Innate Abilities, Weirdness & Mutations

You have very sharp teeth.
Your uncanny sense of smell can sniff out nearby items.
Your experience applies equally to all skills.


Message History

Confirm with . or Enter, or press ? or * to list all spells.
Flames lash the slime creature.
The slime creature is burned terribly!
The slime creature is almost dead.
The foxfire hits the slime creature but does no damage.
The slime creature is almost dead.
The foxfire hits the slime creature.
The slime creature is burned terribly!
You kill the slime creature!
Vehumet accepts your kill.
You conjure some foxfire!
The slime creature hits you!
Casting: Foxfire (safe; 1% risk of failure)
Confirm with . or Enter, or press ? or * to list all spells.
Flames lash the slime creature.
The slime creature is lightly wounded.
The slime creature's fire resistance burns away.
The foxfire hits the slime creature!
The slime creature is burned terribly!
The slime creature is moderately wounded.
The foxfire hits the slime creature!
The slime creature is burned terribly!
The slime creature is moderately wounded.
You block the slime creature's attack.
You conjure some foxfire!
The slime creature hits you.
Casting: Foxfire (safe; 1% risk of failure)
Confirm with . or Enter, or press ? or * to list all spells.
Flames lash the slime creature.
The slime creature is burned terribly!
The slime creature is heavily wounded.
The foxfire hits the slime creature.
The slime creature is heavily wounded.
The foxfire hits the slime creature.
The slime creature is burned terribly!
The slime creature is severely wounded.
The slime creature hits you!
You are too injured to fight recklessly!
Casting: Scorch (safe; 1% risk of failure)
Confirm with . or Enter, or press ? or * to list all spells.
Flames lash the slime creature.
The slime creature is burned terribly!
The slime creature is severely wounded.
The slime creature hits you!
* * * LOW HITPOINT WARNING * * *
Casting: Scorch (safe; 1% risk of failure)
Confirm with . or Enter, or press ? or * to list all spells.
You conjure some foxfire!
The slime creature hits you!!
You die...

..#.##.## J.##.#.# #.# #
♣.#.....# ∆∆ ÷.##.#)# #[# #
..#.##.## ∆ ..##.#)# #.###
♣.####.# #######'# #...# #.##.
..# #.# ##.....J# #...# #.##.
#### #.# #.########
##..#####.##. ##.#
#.####..'....# #.........##.
...#
#..######....####..#####.##.
##)###...##....J@v##.#..# #?.).
#)##.)..##......v##(#..# ##.##
#.##.)..##.......##....# #.#
#.##....##...)...##.##.# #.#
#.###...###((...###.##.######.#
##.......####(..####.##........#
..........###)''###..##.#####..#
#.#########......###.##[#
##...## #.# #......##.....#
#.....#


You could see a slime creature (combustible, ally target).

Vanquished Creatures
  2 slime creatures (D:6)
  A wyvern (D:6)
  Edmund (D:6)
  A sky beast (D:5)
  4 ice beasts
  2 black bears
  An ogre (D:5)
  2 phantoms
  A kobold brigand (D:6)
  Blork the orc (D:6)
  2 scorpions
  4 killer bees (D:6)
  4 jellies (D:6)
  6 hounds
  3 gnoll shamans (D:6)
  An iguana (D:4)
  2 orc wizards (D:6)
  14 gnolls (D:6)
  10 adders
  A white imp (D:6)
  2 ufetubi (D:5)
  A worm (D:3)
  2 dart slugs
  8 orcs
  8 endoplasms
  3 giant cockroaches
  8 goblins
  7 hobgoblins
  A jackal (D:5)
  3 quokkas
  5 ball pythons
  2 bats
  2 frilled lizards (D:1)
  9 kobolds
  6 rats
130 creatures vanquished.

Vanquished Creatures (collateral kills)
  3 foxfires (D:1)
3 creatures vanquished.

Vanquished Creatures (others)
  538 foxfires
  6 fungi (D:6)
  8 toadstools (D:6)
552 creatures vanquished.

Grand Total: 685 creatures vanquished

Notes
Turn   | Place    | Note
-------+----------+-------------------------------------------
     0 | D:1      | Crownlay the Gnoll Fire Elementalist began the quest for
                  | the Orb.
     0 | D:1      | Reached XP level 1. HP: 13/13 MP: 6/6
   285 | D:1      | Reached XP level 2. HP: 19/19 MP: 2/7
   992 | D:2      | Found a faded altar of an unknown god.
  1166 | D:2      | Reached skill level 5 in Spellcasting
  1166 | D:2      | Reached XP level 3. HP: 6/25 MP: 3/9
  1531 | D:2      | Reached skill level 1 in Invocations
  1994 | D:3      | Learned a level 2 spell: Scorch
  2023 | D:3      | Learned a level 3 spell: Inner Flame
  2214 | D:3      | Reached skill level 1 in Fighting
  2214 | D:3      | Reached skill level 1 in Short Blades
  2214 | D:3      | Reached skill level 1 in Long Blades
  2214 | D:3      | Reached skill level 1 in Axes
  2214 | D:3      | Reached skill level 1 in Maces & Flails
  2214 | D:3      | Reached skill level 1 in Polearms
  2214 | D:3      | Reached skill level 1 in Staves
  2214 | D:3      | Reached skill level 1 in Slings
  2214 | D:3      | Reached skill level 1 in Bows
  2214 | D:3      | Reached skill level 1 in Crossbows
  2214 | D:3      | Reached skill level 1 in Throwing
  2214 | D:3      | Reached skill level 1 in Armour
  2214 | D:3      | Reached skill level 1 in Shields
  2214 | D:3      | Reached skill level 1 in Unarmed Combat
  2214 | D:3      | Reached skill level 1 in Evocations
  2352 | D:3      | Reached XP level 4. HP: 32/32 MP: 1/11
  2996 | D:4      | Reached skill level 1 in Hexes
  2996 | D:4      | Reached skill level 1 in Summonings
  2996 | D:4      | Reached skill level 1 in Necromancy
  2996 | D:4      | Reached skill level 1 in Translocations
  2996 | D:4      | Reached skill level 1 in Transmutations
  2996 | D:4      | Reached skill level 1 in Ice Magic
  2996 | D:4      | Reached skill level 1 in Air Magic
  2996 | D:4      | Reached skill level 1 in Earth Magic
  2996 | D:4      | Reached skill level 1 in Poison Magic
  3019 | D:4      | Noticed an ice beast
  3027 | D:4      | Killed an ice beast
  3028 | D:4      | Reached XP level 5. HP: 37/37 MP: 1/12
  3189 | D:4      | Noticed a phantom
  3196 | D:4      | Reached XP level 6. HP: 44/44 MP: 4/13
  3198 | D:4      | Reached skill level 5 in Dodging
  4060 | D:5      | Entered Level 5 of the Dungeon
  4173 | D:5      | Noticed a black bear
  4193 | D:5      | Killed a black bear
  4194 | D:5      | Reached XP level 7. HP: 50/50 MP: 6/15
  4407 | D:5      | Reached skill level 5 in Stealth
  4712 | D:5      | Reached XP level 8. HP: 49/57 MP: 9/16
  4717 | D:5      | Learned a level 4 spell: Flame Wave
  5871 | D:6      | Noticed a wyvern
  5881 | D:6      | Killed a wyvern
  6423 | D:6      | Noticed Blork the orc
  6427 | D:6      | Killed Blork the orc
  6677 | D:6      | Reached XP level 9. HP: 14/65 MP: 1/18
  8228 | D:6      | Found a staircase to the Ecumenical Temple.
  8317 | Temple   | Entered the Ecumenical Temple
  8387 | Temple   | Became a worshipper of Vehumet
  8439 | D:6      | Noticed Edmund
  8450 | D:6      | Killed Edmund
  8850 | D:6      | Slain by a slime creature

Illustrated notes

Levels and vault maps discovered:
D:1:      eino_arrival_druids_welcome, layout_rooms
D:2:      layout_loops_ring, hellmonk_ecumenical_altar_arch_garden
D:3:      layout_basic
D:4:      layout_basic
D:5:      layout_basic, minmay_door_square, chequers_avenue, st_stairs_13,
          eino_tiny_chamber
D:6:      cheibrodos_fertilizer, layout_loops_ring,
          minmay_temple_entry_metal_lava, grunt_ministairs_3, chequers_jeans,
          uniq_edmund, uniq_blork_the_orc
Temple:   dpeg_five_rooms_temple

Skill      XL: |  1  2  3  4  5  6  7  8  9 |
---------------+----------------------------+-----
Conjurations   | 2 3 4 |  4.3
Spellcasting   | 5 6 |  6.8
Invocations    | 1 2 3 4 |  4.9
Fighting       | 1 2 3 4 |  4.4
Short Blades   | 1 2 3 4 |  4.4
Long Blades    | 1 2 3 4 |  4.4
Axes           | 1 2 3 4 |  4.4
Maces & Flails | 1 2 3 4 |  4.4
Polearms       | 1 2 3 4 |  4.4
Staves         | 1 2 3 4 |  4.4
Slings         | 1 2 3 4 |  4.4
Bows           | 1 2 3 4 |  4.4
Crossbows      | 1 2 3 4 |  4.4
Throwing       | 1 2 3 4 |  4.4
Armour         | 1 2 3 4 |  4.4
Shields        | 1 2 3 4 |  4.4
Unarmed Combat | 1 2 3 4 |  4.4
Evocations     | 1 2 3 4 |  4.4
Hexes          | 1 2 3 |  3.7
Summonings     | 1 2 3 |  3.7
Necromancy     | 1 2 3 |  3.7
Translocations | 1 2 3 |  3.7
Transmutations | 1 2 3 |  3.7
Ice Magic      | 1 2 3 |  3.7
Air Magic      | 1 2 3 |  3.7
Earth Magic    | 1 2 3 |  3.7
Poison Magic   | 1 2 3 |  3.7
Dodging        | 5 6 |  6.5
Stealth        | 5 6 |  6.2
Fire Magic     | 6 |  6.6

Action                   |  1- 3 |  4- 6 |  7- 9 || total
-------------------------+-------+-------+-------++-------
Melee: Short sword       |     6 |     8 |       ||    14
       Bite              |     1 |       |     2 ||     3
       Trident           |       |       |    64 ||    64
 Cast: Foxfire           |    99 |    79 |   164 ||   342
       Scorch            |       |     8 |    61 ||    69
       Flame Wave        |       |       |     1 ||     1
Evoke: Wand              |       |       |     1 ||     1
  Use: Scroll            |     3 |     1 |     6 ||    10
 Stab: Sleeping          |       |       |     1 ||     1
Armor: Robe              |     2 |     3 |    19 ||    24
Dodge: Dodged            |     9 |    25 |    87 ||   121
Block: Buckler           |       |     4 |    27 ||    31

Table legend: (Time is in decaauts)
 A = Elapsed time spent in this place.
 B = Non-inter-level travel time spent in this place.
 C = Inter-level travel time spent in this place.
 D = Time resting spent in this place.
 E = Time spent auto-exploring this place.
 F = Levels seen in this place.
 G = Mean time per level.
                   A        B        C        D        E       F      G
               +--------+--------+--------+--------+--------+-----+--------+
         Total |   8859 |   8613 |    246 |    107 |   7309 |   7 | 1265.6 |
       Dungeon |   8753 |   8541 |    212 |    107 |   7257 |   6 | 1458.8 |
        Temple |    105 |     71 |     34 |      0 |     52 |   1 |  105.0 |
               +--------+--------+--------+--------+--------+-----+--------+

Top non-repeatable levels by time:
     D:6: 2618 daAuts
     D:5: 2075 daAuts
     D:4: 1116 daAuts
     D:2: 1069 daAuts
     D:3: 974 daAuts
     D:1: 898 daAuts
  Temple: 105 daAuts
